 Dungeon Crawl Stone Soup version 0.28.0 (webtiles) character file.

Game seed: 153750059489589159

4 ProzacElf the Magician (level 1, -4/13 HPs)
             Began as a Demonspawn Hedge Wizard on Feb 14, 2022.
             Slain by a goblin (6 damage)
             ... on level 1 of the Dungeon.
             The game lasted 00:00:58 (176 turns).

ProzacElf the Magician (Demonspawn Hedge Wizard)     Turns: 176, Time: 00:00:58

Health: -4/13      AC:  2    Str: 10    XL:     1   Next: 58%
Magic:  0/4        EV: 12    Int: 15    God:
Gold:   0          SH:  0    Dex: 12    Spells: 5/6 levels left

rFire   . . .      SeeInvis .   a - +0 dagger
rCold   . . .      Faith    .   (no shield)
rNeg    . . .      Spirit   .   b - +0 robe
rPois   .          Reflect  .   c - +0 hat
rElec   .          Harm     .   (no cloak)
rCorr   .          Rampage  .   (no gloves)
Will    .....                   (no boots)
Stlth   ++........              (no amulet)
HPRegen 0.04/turn               (no ring)
MPRegen 0.09/turn               (no ring)

@: very slightly contaminated
A: no striking features
a: no special abilities


You were on level 1 of the Dungeon.
You visited 1 branch of the dungeon, and saw 1 of its levels.

Inventory:

Hand Weapons
 a - a +0 dagger (weapon)
Armour
 b - a +0 robe (worn)
 c - a +0 hat (worn)
Scrolls
 d - a scroll of fear {unknown}
 e - a scroll of identify {unknown}


   Skills:
 - Level 1.7 Dodging
 - Level 1.7 Stealth
 - Level 3.0 Spellcasting
 + Level 1.2 Conjurations
 + Level 1.2 Summonings
 + Level 1.1 Translocations


You had 5 spell levels left.
You knew the following spells:

 Your Spells              Type           Power      Damage    Failure   Level
a - Magic Dart            Conj           24%        1d4       12%         1

Your spell library contained the following spells:

 Spells                   Type           Power      Damage    Failure   Level
 Blink                    Tloc           10%        N/A       19%         2
 Call Imp                 Summ           5%         N/A       19%         2
 Slow                     Hex            8%         N/A       21%         1
 Conjure Flame            Conj/Fire      4%         6-21      43%         3
 Mephitic Cloud           Conj/Pois/Air  3%         N/A       45%         3


Dungeon Overview and Level Annotations

Branches:
Dungeon (1/15)

Altars:

Shops:
D:1 [


Message History

Aim: a quokka (heavily wounded, 100% ta hit) Tha magic dart hits tha quokka.
Tha quokka be severely wounded.
Somethin' unse'n opens tha door.
Ye now haf 0/4 mp.
A goblin comes inta view.
It be wieldin' a +0 mace.
Tha quokka bites ye.
Ye take 4 damage, an' haf 9/13 hp.
MASSIVE DAMAGE!!
Ye completely miss tha quokka.
Tha quokka be severely wounded.
Tha quokka misses ye.
Tha goblin shouts!
Ye hit tha quokka but do nay damage.
Tha quokka be severely wounded.
Tha quokka bites ye.
Ye take 3 damage, an' haf 6/13 hp.
MASSIVE DAMAGE!!
Ye hit tha quokka but do nay damage.
Tha quokka be severely wounded.
Tha quokka barely misses ye.
Ye closely miss tha quokka.
Tha quokka be severely wounded.
Tha quokka closely misses ye.
Tha quokka bites ye.
Ye take 1 damage, an' haf 5/13 hp.
Ye hit tha quokka.
Ye kill tha quokka!
Castin': Magic Dart (safe; 12% risk o' failure) Confirm wit' . or Enter, or press ? or * ta list all spells.
Aimin': Magic Dart (safe; 12% risk o' failure)
Press: ? - help, Shift-Dir - straight line, f - goblin
Aim: a goblin, wieldin' a +0 mace an' wearin' a +0 rin' mail (100% ta hit) Ye miscast Magic Dart.
Nuthin' appears ta happ'n.
Ye now haf 0/4 mp.
Ye hit tha goblin.
Tha goblin be severely wounded.
Tha goblin hits ye wit' a +0 mace.
* * * LOW HITPOINT WARNIN'
* * * Ye take 4 damage, an' haf 1/13 hp.
MASSIVE DAMAGE!!
A rat comes inta view.
Tha goblin hits ye wit' a +0 mace.
Ye die...

##
#..............#
#
#............#.#
##
#......∩.....#.#
∩#
#............#
∩#
#............#
##
#............#
###..........).#
...............#
.......@g...####
............#
........#####
..#.....# .
#.....# #.....#
#.....# #.....#
#.r..#


You could see a goblin.

Vanquished Creatures
  An endoplasm (D:1)
  A quokka (D:1)
  2 kobolds (D:1)
4 creatures vanquished.

Notes
Turn   | Place    | Note
-------+----------+-------------------------------------------
     0 | D:1      | ProzacElf the Demonspawn Hedge Wizard began the quest for
                  | the Orb.
     0 | D:1      | Reached XP level 1. HP: 13/13 MP: 4/4
    59 | D:1      | Reached skill level 1 in Translocations
   148 | D:1      | Found Uphann's Armour Shoppe.
   176 | D:1      | Slain by a goblin

Illustrated notes

Levels and vault maps discovered:
D:1:      amcnicky_arrival_abandoned_market, layout_basic, serial_shops,
          nicolae_shop_trees, nicolae_shop_competitors_out_of_business, shop,
          shop, nicolae_shop_trees, shapermc_ecumenical_altar_totnotflames

Skill      XL: |  1 |
---------------+----+-----
Translocations | 1 |  1.1
Dodging        | |  1.7
Stealth        | |  1.7
Spellcasting   | |  3.0
Conjurations   | |  1.2
Summonings     | |  1.2

Action                   || total
-------------------------++-------
Melee: Dagger            ||     6
 Cast: Magic Dart        ||     8
Dodge: Dodged            ||     3
